 Dungeon Sprint DCSS version 0.30-a0-368-g86fb4627a9 (webtiles) character file.

Game seed: 9933585999855951189

119583660 mhtbhm the Skullcrusher (level 21, 239/239 HPs)
             Began as an Armataur Fighter on Nov 16, 2022.
             Was an Initiate of Gozag.
             Escaped with the Orb
             ... and 17 runes on Nov 18, 2022!
             The game lasted 00:41:54 (15245 turns).

mhtbhm the Skullcrusher (Armataur Fighter)         Turns: 15245, Time: 00:41:55

Health: 239/239    AC: 48    Str: 48    XL:     21   Next: 40%
Magic:  37/37      EV: 26    Int:  7    God:    Gozag
Gold:   18784      SH: 27    Dex: 25    Spells: 44/53 levels left

rFire   + + .      SeeInvis +    a - +9 morningstar (holy)
rCold   + + .      Faith    .    c - +2 shield of Resistance {rF++ rC++ Will++}
rNeg    + . .      Spirit   .    b - +7 plate armour of Shadows and Fog {Harm *Corrode Regen+ Dex+8}
rPois   +          Reflect  +    l - +0 mask of the Dragon {Will+ Slay+3 SInv}
rElec   .          Harm     +    E - +2 cloak
rCorr   .          Roll     +    o - +2 pair of gloves {Str+3}
Will    ++++.      NoTele   +    M - +4 barding "Fiuptuz" {Harm Str+9 Int-5}
Stlth   ++........               S - amulet of Soururid {Reflect rN+ Dex+6 SH+5}
HPRegen 2.19/turn                g - ring of poison resistance
MPRegen 0.25/turn                O - +6 ring of strength

@: gold aura
A: large, rugged brown scales 3, deformed body, armoured tail, roll, long
tongue, awkward tongue, antennae 1, clever 1, low MP 1, regeneration 1
0: Orb of Zot
}: 17/17 runes: decaying, serpentine, barnacled, slimy, elven, silver, golden,
iron, obsidian, icy, bone, abyssal, glowing, magical, fiery, dark, gossamer
a: Renounce Religion, Potion Petition, Call Merchant, Bribe Branch


You escaped.
You worshipped Gozag.
Gozag was extremely pleased with you.
You visited 1 branch You collected 62883 gold pieces.
You spent 10842 gold pieces at shops.
You paid 33257 gold pieces to Gozag.

Inventory:

Hand Weapons
 a - a +9 morningstar of holy wrath (weapon)
 z - a +5 vampiric demon whip
 T - the +8 frozen axe "Frostbite" {freezing cloud, *Noise Fly rC+}
   (You found it in the Dungeon)

   It freezes those it strikes, dealing additional cold damage.
   It can also slow down cold-blooded creatures.
   It occasionally leaves clouds of freezing vapour upon striking a foe.
   It grants immunity to clouds of freezing vapour.
   rC:        It protects you from cold.
   Fly:       It grants you flight.
   *Noise:    It may make noises in combat.
Missiles
 I - 7 javelins
 J - 3 throwing nets
 P - 3 silver javelins (quivered)
Armour
 b - the +7 plate armour of Shadows and Fog (worn) {Harm *Corrode Regen+ Dex+8}
   (You bought it in a shop in the Dungeon)

   Dex:       It affects your dexterity (+8).
   Regen:     It increases your rate of health regeneration.
   *Corrode:  It may corrode you when you take damage.
   Harm:      It increases damage dealt and taken.
 c - the +2 shield of Resistance (worn) {rF++ rC++ Will++}
   (You acquired it in the Dungeon)

   rF:        It greatly protects you from fire.
   rC:        It greatly protects you from cold.
   Will:      It greatly increases your willpower.
 l - the +0 mask of the Dragon (worn) {Will+ Slay+3 SInv}
   (You bought it in a shop in the Dungeon)

   Slay:      It affects your accuracy & damage with ranged weapons and melee
   (+3).
   SInv:      It lets you see invisible.
   Will:      It increases your willpower.
 m - the +0 hat "Yliomiet" {rPois Str+4 Int+2}
   (You found it in the Dungeon)

   Str:       It affects your strength (+4).
   Int:       It affects your intelligence (+2).
   rPois:     It protects you from poison.
 o - a +2 pair of gloves of strength (worn)
 E - a +2 cloak (worn)
 M - the +4 barding "Fiuptuz" (worn) {Harm Str+9 Int-5}
   (You acquired it in the Dungeon)

   Str:       It affects your strength (+9).
   Int:       It affects your intelligence (-5).
   Harm:      It increases damage dealt and taken.
Jewellery
 g - a ring of poison resistance (left hand)
 j - the amulet of Vitality {RegenMP++ Regen++}
   (You bought it in a shop in the Dungeon)

   [amulet of magic regeneration]

   It increases your rate of magic regeneration.
   Regen:     It increases your rate of health regeneration.
 y - the ring "Ufun" {Str+3 SInv}
   (You found it in the Dungeon)

   [ring of see invisible]

   Str:       It affects your strength (+3).
   SInv:      It lets you see invisible.
 A - an amulet of reflection
 D - a ring of ice
 O - a +6 ring of strength (right hand)
 S - the amulet of Soururid (around neck) {Reflect rN+ Dex+6 SH+5}
   (You found it in the Dungeon)

   [amulet of reflection]

   It reflects blocked missile attacks.
   Dex:       It affects your dexterity (+6).
   rN:        It protects you from negative energy.
   SH:        It affects your SH (+5).
 U - the ring of False Pretenses {EV+3 Dex+3}
   (You found it in the Dungeon)

   [ring of evasion]

   EV:        It affects your evasion (+3).
   Dex:       It affects your dexterity (+3).
 V - the ring of the Queen {Str+4 Dex+3 Stlth+}
   (You found it in the Dungeon)

   [ring of dexterity]

   Str:       It affects your strength (+4).
   Dex:       It affects your dexterity (+3).
   Stlth:     It makes you more stealthy.
Wands
 u - a wand of iceblast (10)
 v - a wand of charming (12)
Scrolls
 k - 2 scrolls of amnesia
 s - 11 scrolls of enchant armour
 C - 3 scrolls of identify
 F - a scroll of immolation
 G - 3 scrolls of fear
 N - 5 scrolls of fog
 Q - 3 scrolls of blinking
Potions
 e - 12 potions of curing
 f - 4 potions of heal wounds
 h - 9 potions of magic
 i - 3 potions of invisibility
 n - 3 potions of haste
 q - 3 potions of brilliance
 t - a potion of ambrosia
 x - 3 potions of flight
 B - a potion of attraction
 H - a potion of mutation
 K - 3 potions of cancellation
Miscellaneous
 p - a lightning rod (4/4)
 L - the horn of Geryon
 R - a box of beasts


   Skills:
 O Level 27 Fighting
 - Level 1.0(1.2) Short Blades
 - Level 0.8(1.1) Long Blades
 - Level 0.8(16.7) Axes
 O Level 27 Maces & Flails
 - Level 0.7(1.1) Polearms
 - Level 0.8(18.0) Staves
 - Level 0.6 Ranged Weapons
 O Level 27 Throwing
 O Level 27 Armour
 O Level 27 Dodging
 O Level 27 Stealth
 O Level 27 Shields
 - Level 2.7 Unarmed Combat
 + Level 16.8 Spellcasting
 - Level 1.0 Conjurations
 - Level 1.0 Hexes
 - Level 0.9 Summonings
 - Level 0.9 Necromancy
 + Level 18.7 Translocations
 - Level 1.0 Transmutations
 - Level 1.0 Fire Magic
 - Level 1.0 Ice Magic
 - Level 1.0 Air Magic
 + Level 18.0 Earth Magic
 - Level 1.0 Poison Magic
 - Level 1.1 Invocations
 O Level 27 Evocations


You had 44 spell levels left.
You knew the following spells:

 Your Spells              Type           Power      Damage    Failure   Level
a - Shatter               Erth           15%        3d15*     100%        9

Your spell library contained the following spells:

 Spells                   Type           Power      Damage    Failure   Level
 Chain Lightning          Conj/Air       3%         3d4       100%        9
 Fire Storm               Conj/Fire      3%         8d1       100%        9


Dungeon Overview and Level Annotations

Branches:
Dungeon (1/1)

Altars:
Cheibriados
Dithmenos
Elyvilon
Fedhas
Gozag
Hepliaklqana
Kikubaaqudgha
Makhleb
Nemelex Xobeh
Okawaru
Qazlal
Ru
Sif Muna
Trog
Uskayaw
Vehumet
Wu Jian
Xom
Yredelemnul
Zin
The Shining One
Jiyva
Lugonu

Shops:
D ?*?=[!:[![*?!((=:*[=


Innate Abilities, Weirdness & Mutations

You are completely covered in rugged brown scales. (AC +3, +7% HP)
Armour fits poorly on your strangely shaped body.
You have a long armoured tail.
You roll when moving toward enemies. (Rampage)
Your long tongue fully drains potion bottles. (2x potion effects)
Your tongue gives you trouble enunciating. (1.5x scroll delay)
You have a pair of small antennae on your head.
Your mind is acute. (Int +4, Str/Dex -1)
Your magical capacity is low. (-10% MP)
Your natural rate of healing is unusually fast.


Message History

The Orb Guardian is moderately wounded.
You block the Orb Guardian's attack.
You puncture the Orb Guardian!
The Orb Guardian is heavily wounded.
The Orb Guardian hits you!!
You impale the Orb Guardian!!
You kill the Orb Guardian!
Your Earth Magic skill increases to level 18!
You now have 18730 gold pieces (gained 189).
There is a blossoming altar of Fedhas here.
There is an opulent altar of Gozag, spattered with blood here.
There is a blossoming altar of Fedhas here.
There is a white marble altar of Elyvilon here.
There is a shadowy altar of Dithmenos here.
There is a snail-covered altar of Cheibriados here.
There is a roughly hewn altar of Beogh here.
There is an open door to the Temple here.
Things that are here:
a +0 chain mail; a +0 flail
Things that are here:
a +1 robe of positive energy; a +0 club
There is an open door, spattered with blood here.
There is an open door to the Dungeon, spattered with blood here.
Things that are here:
a +0 club; a +0 club An ice devil comes into view.
There is a staircase leading out of the dungeon here.
You roll towards the ice devil!
You roll towards the ice devil!
You block the ice devil's attack.
There is an open door to the Dungeon, spattered with blood here.
Things that are here:
a +0 club; a +0 club You hammer the ice devil like a gong!!!
You kill the ice devil!
You now have 18784 gold pieces (gained 54).
There is an open door to the Dungeon, spattered with blood here.
Things that are here:
a +0 club; a +0 club
There is a staircase leading out of the dungeon here.
You have escaped!

▓▓▓▓▓▓▓▓▓▓▓▓▓▓▓▓▓▓
...▓...▓.[.▓...▓@▓
.▓.▓.▓.▓.▓.▓.▓.▓.▓
.▓.▓.▓.▓.▓.▓.▓.▓.▓
.▓.▓.▓.▓.▓.▓.▓.▓.▓
.▓.▓.▓.▓[▓.▓.▓.▓)▓
.▓.▓.▓.▓.▓.▓.▓.▓.▓
.▓.▓.▓.▓)▓.▓.▓.▓.▓
)▓.▓.▓.▓.▓[▓'▓.▓.▓
.▓.▓.▓.▓.▓.▓.▓.▓.▓


There were no monsters in sight!

Vanquished Creatures
  Cerebov (D)
  Antaeus (D)
  Asmodeus (D)
  Ereshkigal (D)
  A seraph (D)
  Gloorx Vloq (D)
  the Royal Jelly (D)
  Lom Lobon (D)
  Mnoleg (D)
  Dispater (D)
  3 ancient liches (D)
  3 orbs of fire (D)
  Mara (D)
  Mennas (D)
  5 royal mummies (D)
  Boris (D)
  Saint Roka (D)
  3 pandemonium lords (D)
  A Killer Klown (D)
  Geryon (D)
  Nikola (D)
  Jory (D)
  10 golden dragons (D)
  2 Tzitzimimeh (D)
  A Brimstone Fiend (D)
  A hellephant (D)
  6 liches (D)
  3 electric golems (D)
  38 Orb Guardians (D)
  5 tentacled monstrosities (D)
  An Ice Fiend (D)
  2 deep elf blademasters (D)
  A deep elf master archer (D)
  A Hell Sentinel (D)
  7 acid blobs (D)
  A quicksilver dragon (D)
  12 sphinxes (D)
  4 Executioners (D)
  A tentacled starspawn (D)
  Kirke (D)
  A tengu reaver (D)
  5 shadow dragons (D)
  A fenstrider witch (D)
  A draconian knight (D)
  4 azure jellies (D)
  4 nagarajas (D)
  3 storm dragons (D)
  2 fire giants (D)
  Ilsuiw (D)
  7 rockslimes (D)
  2 daevas (D)
  5 emperor scorpions (D)
  2 draconian scorchers (D)
  2 cacodemons (D)
  A vault warden (D)
  2 frost giants (D)
  A deep elf sorcerer (D)
  5 draconian annihilators (D)
  2 ghost moths (D)
  A balrug (D)
  Louise (D)
  An angel (D)
  2 draconian shifters (D)
  3 ironbound preservers (D)
  3 reapers (D)
  A very ugly thing (D)
  7 quicksilver oozes (D)
  4 stone giants (D)
  2 ironbound thunderhulks (D)
  A green draconian (D)
  6 vampire knights (D)
  5 black draconians (D)
  3 deep elf demonologists (D)
  A deep elf annihilator (D)
  Nessos (D)
  2 spark wasps (D)
  2 lorocyprocas (D)
  3 yellow draconians (D)
  3 white draconians (D)
  3 red draconians (D)
  2 ettins (D)
  4 green deaths (D)
  2 deep elf death magi (D)
  2 blizzard demons (D)
  6 mummy priests (D)
  An entropy weaver (D)
  5 merfolk impalers (D)
  2 yaktaur captains (D)
  2 merfolk javelineers (D)
  8 fire dragons (D)
  6 deep elf high priests (D)
  5 ice dragons (D)
  Erolcha (D)
  2 great orbs of eyes (D)
  2 rakshasas (D)
  A merfolk avatar (D)
  9 hydras (D)
  An anaconda (D)
  An ice dragon (shapeshifter) (D)
  26 vault guards (D)
  A spriggan air mage (D)
  An ogre mage (D)
  A jorogumo (D)
  2 peacekeepers (D)
  A radroach (shapeshifter) (D)
  A hell beast (D)
  3 merfolk aquamancers (D)
  2 two-headed ogres (D)
  3 centaur warriors (D)
  3 ironbound frosthearts (D)
  An alligator (D)
  3 naga warriors (D)
  A deep troll earth mage (D)
  6 death yaks (D)
  A deep troll shaman (D)
  4 tengu warriors (D)
  Urug (D)
  7 orc high priests (D)
  5 sun demons (D)
  A shock serpent (D)
  2 pharaoh ants (D)
  2 hell knights (D)
  3 wretched stars (D)
  A sixfirhy (D)
  A skeletal warrior (D)
  A goliath frog (D)
  An orb spider (D)
  3 glowing orange brains (D)
  2 shadow demons (D)
  2 naga ritualists (D)
  2 wizards (D)
  A bog body (D)
  5 orc knights (D)
  A phantasmal warrior (D)
  7 swamp dragons (D)
  A deep elf pyromancer (D)
  A harpy (D)
  A wolf spider (D)
  A cyclops (D)
  A worldbinder (D)
  An ugly thing (D)
  A manticore (D)
  19 moths of wrath (D)
  An elephant (D)
  A guardian serpent (D)
  4 black mambas (D)
  3 merfolk sirens (D)
  2 rust devils (D)
  A water nymph (D)
  5 vault sentinels (D)
  5 smoke demons (D)
  2 naga magi (D)
  2 orange demons (D)
  2 cane toads (D)
  3 hellions (D)
  A yaktaur (D)
  Psyche (D)
  A komodo dragon (D)
  3 demonic crawlers (D)
  A rime drake (D)
  An efreet (D)
  2 tormentors (D)
  A freezing wraith (D)
  A wandering mushroom (D)
  4 ice devils (D)
  17 guardian mummies (D)
  3 hellwings (D)
  A red devil (D)
  3 merfolk (D)
  A wind drake (D)
  A polar bear (D)
  A hornet (D)
  3 blink frogs (D)
  3 slime creatures (D)
  5 small abominations (D)
  A jumping spider (D)
  6 large abominations (D)
  A water elemental (D)
  7 yaks (D)
  12 spriggans (D)
  A wyvern (D)
  3 basilisks (D)
  A chaos spawn (D)
  3 golden eyes (D)
  2 hogs (D)
  2 redbacks (D)
  A vampire mosquito (D)
  3 neqoxecs (D)
  An acid dragon (D)
  5 nagas (D)
  2 water moccasins (D)
  3 floating eyes (D)
  10 orc warriors (D)
  A swamp drake (D)
  A black bear (D)
  A bullfrog (D)
  2 howler monkeys (D)
  7 orc priests (D)
  A gnoll bouda (D)
  A hound (D)
  3 orc wizards (D)
  A gnoll (D)
  A shadow imp (D)
  14 orcs (D)
  An endoplasm (D)
  A goblin (D)
  A hobgoblin (D)
  A jackal (D)
  A frilled lizard (D)
  2 ball lightnings (D)
620 creatures vanquished.

Vanquished Creatures (others)
  A pandemonium lord (D)
  A great orb of eyes (D)
  2 humans (D)
  A vampire mosquito (D)
  A ball lightning (D)
  A starspawn tentacle (D)
7 creatures vanquished.

Grand Total: 627 creatures vanquished

Notes
Turn   | Place    | Note
-------+----------+-------------------------------------------
     0 | D        | mhtbhm the Armataur Fighter began the quest for the Orb.
     0 | D        | Reached XP level 1. HP: 19/19 MP: 1/1
    11 | D        | Reached XP level 2. HP: 18/27 MP: 2/2
    49 | D        | Noticed a black bear
    54 | D        | Reached skill level 5 in Armour
    54 | D        | Reached XP level 3. HP: 36/36 MP: 3/3
    56 | D        | Reached skill level 5 in Shields
    62 | D        | Reached XP level 4. HP: 43/43 MP: 4/4
    69 | D        | Killed a black bear
    70 | D        | Reached skill level 5 in Fighting
    70 | D        | Reached skill level 5 in Maces & Flails
    70 | D        | Reached XP level 5. HP: 53/53 MP: 5/5
    78 | D        | Found a snail-covered altar of Cheibriados.
    78 | D        | Found a shadowy altar of Dithmenos.
    78 | D        | Found a white marble altar of Elyvilon.
    78 | D        | Found a blossoming altar of Fedhas.
    78 | D        | Found an opulent altar of Gozag.
    79 | D        | Found a hazy altar of Hepliaklqana.
    80 | D        | Found a viscous altar of Jiyva.
    81 | D        | Found an ancient bone altar of Kikubaaqudgha.
    82 | D        | Found a corrupted altar of Lugonu.
    83 | D        | Found a burning altar of Makhleb.
    84 | D        | Found a sparkling altar of Nemelex Xobeh.
    85 | D        | Found an iron altar of Okawaru.
    86 | D        | Became a worshipper of Gozag Ym Sagoz the Greedy
    87 | D        | Found a stormy altar of Qazlal.
    88 | D        | Found a sacrificial altar of Ru.
    89 | D        | Found a shimmering blue altar of Sif Muna.
    90 | D        | Found a bloodstained altar of Trog.
    91 | D        | Found a hide-covered altar of Uskayaw.
    92 | D        | Found a radiant altar of Vehumet.
    93 | D        | Found an ornate altar of the Wu Jian Council.
    94 | D        | Found a shimmering altar of Xom.
    95 | D        | Found a basalt altar of Yredelemnul.
    96 | D        | Found a glowing silver altar of Zin.
    97 | D        | Found a glowing golden altar of the Shining One.
   152 | D        | Noticed a komodo dragon
   152 | D        | Noticed a yak
   152 | D        | Noticed a two-headed ogre
   152 | D        | Noticed a yak
   157 | D        | Killed a yak
   157 | D        | Killed a yak
   158 | D        | Reached skill level 1 in Evocations
   158 | D        | Reached XP level 6. HP: 55/65 MP: 6/6
   158 | D        | Reached XP level 7. HP: 60/71 MP: 7/7
   159 | D        | Killed a komodo dragon
   160 | D        | Reached skill level 10 in Armour
   160 | D        | Killed a two-headed ogre
   161 | D        | Reached XP level 8. HP: 72/83 MP: 8/8
   195 | D        | Noticed a centaur warrior
   195 | D        | Noticed a centaur warrior
   195 | D        | Noticed a skeletal warrior
   195 | D        | Noticed a two-headed ogre
   199 | D        | Killed a centaur warrior
   200 | D        | Reached skill level 10 in Fighting
   200 | D        | Reached skill level 10 in Maces & Flails
   200 | D        | Reached skill level 10 in Shields
   200 | D        | Reached XP level 9. HP: 63/90 MP: 9/9
   200 | D        | Killed a centaur warrior
   200 | D        | Killed a two-headed ogre
   204 | D        | Killed a skeletal warrior
   208 | D        | Reached XP level 10. HP: 58/102 MP: 10/10
   329 | D        | Noticed a cane toad
   341 | D        | Killed a cane toad
   363 | D        | Reached skill level 5 in Evocations
   501 | D        | Noticed a black mamba
   501 | D        | Noticed a death yak
   507 | D        | Noticed a cane toad
   510 | D        | Killed a black mamba
   519 | D        | Noticed an elephant
   532 | D        | Killed a death yak
   533 | D        | Reached skill level 1 in Dodging
   535 | D        | Killed a cane toad
   544 | D        | Killed an elephant
   820 | D        | Noticed a death yak
   820 | D        | Noticed a death yak
   820 | D        | Noticed a death yak
   823 | D        | Noticed a death yak
   827 | D        | Killed a death yak
   828 | D        | Reached skill level 15 in Maces & Flails
   828 | D        | Reached XP level 11. HP: 91/112 MP: 11/11
   828 | D        | Noticed a death yak
   837 | D        | Killed a death yak
   845 | D        | Killed a death yak
   846 | D        | Reached skill level 15 in Armour
   857 | D        | Killed a death yak
   858 | D        | Reached skill level 1 in Stealth
   869 | D        | Killed a death yak
  1151 | D        | Noticed Psyche
  1167 | D        | Killed Psyche
  1220 | D        | Noticed Erolcha
  1226 | D        | Killed Erolcha
  1360 | D        | Noticed an orc knight
  1360 | D        | Noticed an orc knight
  1362 | D        | Noticed an orc knight
  1371 | D        | Killed an orc knight
  1372 | D        | Reached skill level 1 in Unarmed Combat
  1377 | D        | Noticed an orc knight
  1580 | D        | Killed an orc knight
  1599 | D        | Killed an orc knight
  1703 | D        | Killed an orc knight
  1766 | D        | Found Nehel's Book Emporium.
  1766 | D        | Noticed an orc high priest
  1766 | D        | Noticed an orc high priest
  1766 | D        | Noticed an orc high priest
  1766 | D        | Noticed an orc high priest
  1768 | D        | Noticed an orc high priest
  1771 | D        | Noticed a sun demon
  1773 | D        | Killed an orc high priest
  1774 | D        | Found Tearr's Assorted Antiques.
  1780 | D        | Killed an orc high priest
  1781 | D        | Reached XP level 12. HP: 86/126 MP: 12/12
  1792 | D        | Killed an orc high priest
  1913 | D        | Killed an orc high priest
  1971 | D        | Killed an orc high priest
  1972 | D        | Reached skill level 15 in Fighting
  1994 | D        | Noticed an orc high priest
  2004 | D        | Killed an orc high priest
  2004 | D        | Noticed an orc high priest
  2011 | D        | Killed an orc high priest
  2012 | D        | Found Oheu's Antique Armour Emporium.
  2084 | D        | Found Hicoif's Jewellery Shoppe.
  2109 | D        | Bought a glimmering scale mail for 252 gold pieces
  2109 | D        | Identified the +1 scale mail "Zil Zag" {Stlth+} (You bought
                  | it in a shop in the Dungeon)
  2110 | D        | Bought a faintly glowing ring mail for 252 gold pieces
  2110 | D        | Identified the +2 ring mail "Fucotuma" {rF+ Dex+4} (You
                  | bought it in a shop in the Dungeon)
  2112 | D        | Bought a ring of poison resistance for 220 gold pieces
  2112 | D        | Bought a ring of see invisible for 165 gold pieces
  2120 | D        | Bought a tiny soapstone amulet for 145 gold pieces
  2121 | D        | Bought a runed chain mail for 217 gold pieces
  2126 | D        | Bought a green potion for 26 gold pieces
  2126 | D        | Bought a scroll labelled SIMOMUP TOCE for 29 gold pieces
  2301 | D        | Noticed an ogre mage
  2317 | D        | Noticed a centaur warrior
  2332 | D        | Paralysed by a floating eye for 2 turns
  2333 | D        | Noticed a fire dragon
  2341 | D        | Killed an ogre mage
  2342 | D        | Noticed a frost giant
  2346 | D        | Killed a centaur warrior
  2347 | D        | Noticed a fire giant
  2350 | D        | Noticed a tengu warrior
  2529 | D        | Killed a fire dragon
  2536 | D        | Killed a frost giant
  2549 | D        | Killed a tengu warrior
  2550 | D        | Noticed an ettin
  2570 | D        | Killed an ettin
  2571 | D        | Reached skill level 5 in Dodging
  2572 | D        | Killed a fire giant
  2774 | D        | Noticed Kirke
  2796 | D        | Killed Kirke
  2835 | D        | Noticed Urug
  2849 | D        | Killed Urug
  2850 | D        | Reached XP level 13. HP: 70/141 MP: 6/13
  3074 | D        | Noticed a merfolk impaler
  3126 | D        | Killed a merfolk impaler
  3231 | D        | Noticed a nagaraja
  3248 | D        | Killed a nagaraja
  3847 | D        | Noticed a fenstrider witch
  3883 | D        | Killed a fenstrider witch
  3884 | D        | Reached skill level 5 in Stealth
  4244 | D        | Noticed a spark wasp
  4244 | D        | Noticed an emperor scorpion
  4256 | D        | Killed a spark wasp
  4283 | D        | Killed an emperor scorpion
  4524 | D        | Noticed a fire giant
  4529 | D        | Noticed a stone giant
  4541 | D        | Killed a fire giant
  4542 | D        | Reached skill level 15 in Shields
  4543 | D        | Reached XP level 14. HP: 138/156 MP: 12/14
  4555 | D        | Noticed a stone giant
  4563 | D        | Noticed a golden dragon
  4571 | D        | Killed a stone giant
  4760 | D        | Killed a stone giant
  4774 | D        | Killed a golden dragon
  4958 | D        | Noticed a golden dragon
  4967 | D        | Killed a golden dragon
  5234 | D        | Noticed a tengu reaver
  5253 | D        | Killed a tengu reaver
  5303 | D        | Noticed an ironbound thunderhulk
  5322 | D        | HP: 4/161 [ironbound thunderhulk/bolt of lightning (35)]
  5644 | D        | Bought the amulet of Vitality {RegenMP++ Regen++} for 1700
                  | gold pieces
  5644 | D        | Found the amulet of Vitality {RegenMP++ Regen++}
  5650 | D        | Bought an amulet of reflection for 510 gold pieces
  5661 | D        | Bought a potion of curing for 33 gold pieces
  5661 | D        | Bought a potion of heal wounds for 55 gold pieces
  5661 | D        | Bought a potion of curing for 33 gold pieces
  5661 | D        | Bought 2 potions of curing for 66 gold pieces
  5661 | D        | Bought a potion of cancellation for 88 gold pieces
  5664 | D        | Bought a scroll of acquirement for 728 gold pieces
  5664 | D        | Bought a scroll of enchant armour for 105 gold pieces
  5664 | D        | Bought a scroll of acquirement for 728 gold pieces
  5664 | D        | Bought a scroll of magic mapping for 105 gold pieces
  5664 | D        | Bought a scroll of identify for 28 gold pieces
  5668 | D        | Acquired the +4 barding "Fiuptuz" {Harm Str+9 Int-5}
  5683 | D        | Acquired the +2 shield of Resistance {rF++ rC++ Will++}
  5683 | D        | Found the +2 shield of Resistance {rF++ rC++ Will++}
  5807 | D        | Killed an ironbound thunderhulk
  6145 | D        | Noticed an ironbound thunderhulk
  6149 | D        | Killed an ironbound thunderhulk
  6150 | D        | Noticed an ironbound preserver
  6250 | D        | Killed an ironbound preserver
  6272 | D        | Noticed an ironbound preserver
  6279 | D        | Killed an ironbound preserver
  6375 | D        | Noticed Nessos
  6396 | D        | Killed Nessos
  6432 | D        | Noticed Saint Roka
  6443 | D        | Killed Saint Roka
  6525 | D        | Got the +0 hat "Yliomiet" {rPois Str+4 Int+2}
  6628 | D        | Noticed Jory
  6634 | D        | Killed Jory
  6635 | D        | Reached XP level 15. HP: 141/171 MP: 15/15
  6677 | D        | Noticed a nagaraja
  6677 | D        | Noticed a nagaraja
  6678 | D        | Noticed a nagaraja
  6685 | D        | Killed a nagaraja
  6689 | D        | Killed a nagaraja
  6702 | D        | Killed a nagaraja
  6964 | D        | Got a serpentine rune of Zot
  6985 | D        | Noticed an emperor scorpion
  6985 | D        | Noticed an emperor scorpion
  6995 | D        | Noticed an emperor scorpion
  6997 | D        | Killed an emperor scorpion
  7004 | D        | Noticed an emperor scorpion
  7019 | D        | Killed an emperor scorpion
  7039 | D        | Killed an emperor scorpion
  7042 | D        | Killed an emperor scorpion
  7057 | D        | Got a gossamer rune of Zot
  7087 | D        | Noticed Ilsuiw
  7111 | D        | Killed Ilsuiw
  7156 | D        | Got a barnacled rune of Zot
  7261 | D        | Got a decaying rune of Zot
  7293 | D        | Noticed Nikola
  7302 | D        | Killed Nikola
  7355 | D        | Noticed Louise
  7359 | D        | Killed Louise
  7455 | D        | Reached XP level 16. HP: 186/186 MP: 16/16
  7475 | D        | Reached skill level 10 in Stealth
  7606 | D        | Noticed a tentacled monstrosity
  7621 | D        | Killed a tentacled monstrosity
  7625 | D        | Noticed a shadow dragon
  7642 | D        | Noticed a shadow dragon
  7648 | D        | Killed a shadow dragon
  7662 | D        | Killed a shadow dragon
  7721 | D        | Found the +8 frozen axe "Frostbite" {freezing cloud, *Noise
                  | Fly rC+}
  7721 | D        | Noticed a shadow dragon
  7721 | D        | Noticed a tentacled monstrosity
  7721 | D        | Noticed a shadow dragon
  7723 | D        | Noticed a golden dragon
  7723 | D        | Noticed a shadow dragon
  7730 | D        | Noticed a tentacled monstrosity
  7734 | D        | Killed a tentacled monstrosity
  7744 | D        | Killed a shadow dragon
  7756 | D        | Killed a golden dragon
  7759 | D        | Killed a tentacled monstrosity
  7764 | D        | Killed a shadow dragon
  7775 | D        | Killed a shadow dragon
  7786 | D        | Got a silver rune of Zot
  7877 | D        | Noticed Mara
  7878 | D        | Noticed mhtbhm's illusion
  7920 | D        | Killed Mara
  8007 | D        | Bought a pair of runed gloves for 180 gold pieces
  8020 | D        | Bought a potion of heal wounds for 95 gold pieces
  8020 | D        | Bought a potion of berserk rage for 95 gold pieces
  8020 | D        | Bought a potion of berserk rage for 95 gold pieces
  8020 | D        | Bought a potion of curing for 57 gold pieces
  8020 | D        | Bought a potion of mutation for 152 gold pieces
  8028 | D        | Bought a bloodstained plate armour for 868 gold pieces
  8028 | D        | Identified the +7 plate armour of Shadows and Fog {Harm
                  | *Corrode Regen+ Dex+8} (You bought it in a shop in the
                  | Dungeon)
  8045 | D        | Bought a lightning rod (4/4) for 540 gold pieces
  8045 | D        | Bought a scroll of enchant weapon for 135 gold pieces
  8052 | D        | Got the ring "Ufun" {Str+3 SInv}
  8054 | D        | Got the ring of Liav {Will+ Dex+4}
  8056 | D        | Got the amulet of Soururid {Reflect rN+ Dex+6 SH+5}
  8058 | D        | Got the ring of False Pretenses {EV+3 Dex+3}
  8060 | D        | Got the ring of the Queen {Str+4 Dex+3 Stlth+}
  8253 | D        | Noticed Boris
  8260 | D        | Killed Boris
  8267 | D        | Noticed Mennas
  8285 | D        | Killed Mennas
  8286 | D        | Reached skill level 27 in Maces & Flails
  8347 | D        | Noticed a lich
  8363 | D        | Reached skill level 27 in Fighting
  8363 | D        | Reached skill level 10 in Dodging
  8366 | D        | Killed a lich
  8376 | D        | Reached XP level 17. HP: 203/204 MP: 17/17
  8510 | D        | Noticed a golden dragon
  8529 | D        | Killed a golden dragon
  8612 | D        | Noticed a golden dragon
  8618 | D        | Killed a golden dragon
  8619 | D        | Reached skill level 27 in Shields
  8630 | D        | Reached skill level 15 in Stealth
  8747 | D        | Noticed a quicksilver dragon
  8757 | D        | Reached skill level 27 in Armour
  8784 | D        | Killed a quicksilver dragon
  8813 | D        | Noticed a golden dragon
  8814 | D        | Killed a golden dragon
  8946 | D        | Noticed an Orb Guardian
  8946 | D        | Noticed an Orb Guardian
  8946 | D        | Noticed an Orb Guardian
  8946 | D        | Noticed an Orb Guardian
  8946 | D        | Noticed an Orb Guardian
  8946 | D        | Noticed an Orb Guardian
  8953 | D        | Killed an Orb Guardian
  8954 | D        | Noticed an Orb Guardian
  8957 | D        | Killed an Orb Guardian
  8967 | D        | Killed an Orb Guardian
  8968 | D        | Noticed an Orb Guardian
  8973 | D        | Killed an Orb Guardian
  8983 | D        | Killed an Orb Guardian
  8984 | D        | Noticed an Orb Guardian
  8989 | D        | Noticed an Orb Guardian
  8990 | D        | Killed an Orb Guardian
  8995 | D        | Killed an Orb Guardian
  8997 | D        | Killed an Orb Guardian
  9002 | D        | Killed an Orb Guardian
  9006 | D        | Killed an Orb Guardian
  9037 | D        | Noticed a tentacled monstrosity
  9037 | D        | Noticed a golden dragon
  9037 | D        | Noticed an Orb Guardian
  9037 | D        | Noticed an Orb Guardian
  9038 | D        | Noticed an Orb Guardian
  9038 | D        | Killed a tentacled monstrosity
  9039 | D        | Noticed an Orb Guardian
  9044 | D        | Killed a golden dragon
  9045 | D        | Reached skill level 27 in Stealth
  9049 | D        | Killed an Orb Guardian
  9053 | D        | Killed an Orb Guardian
  9054 | D        | Reached XP level 18. HP: 130/214 MP: 18/18
  9056 | D        | Killed an Orb Guardian
  9062 | D        | Killed an Orb Guardian
  9067 | D        | Reached skill level 15 in Dodging
  9139 | D        | Noticed an ancient lich
  9152 | D        | Killed an ancient lich
  9153 | D        | Reached skill level 10 in Evocations
  9255 | D        | Noticed an orb of fire
  9256 | D        | Killed an orb of fire
  9259 | D        | Noticed an electric golem
  9264 | D        | Killed an electric golem
  9274 | D        | Noticed a tentacled monstrosity
  9274 | D        | Noticed an electric golem
  9274 | D        | Noticed a Killer Klown
  9274 | D        | Noticed a golden dragon
  9282 | D        | Killed a tentacled monstrosity
  9285 | D        | Noticed a golden dragon
  9287 | D        | Noticed an orb of fire
  9293 | D        | Killed an electric golem
  9295 | D        | Noticed an electric golem
  9297 | D        | Killed a golden dragon
  9299 | D        | Gained mutation: You are weak. (Str -2) [an orb of fire]
  9302 | D        | Gained mutation: Your body sometimes deteriorates upon
                  | taking damage. [an orb of fire]
  9307 | D        | Killed an orb of fire
  9309 | D        | Killed a golden dragon
  9313 | D        | Noticed an orb of fire
  9313 | D        | Noticed a golden dragon
  9317 | D        | Killed a Killer Klown
  9327 | D        | Killed an electric golem
  9337 | D        | Killed an orb of fire
  9340 | D        | Killed a golden dragon
  9478 | D        | Lost mutation: You are weak. (Str -2) [potion of mutation]
  9478 | D        | Lost mutation: Your body sometimes deteriorates upon taking
                  | damage. [potion of mutation]
  9478 | D        | Gained mutation: Your body sometimes deteriorates upon
                  | taking damage. [potion of mutation]
  9478 | D        | Gained mutation: Your muscles are strong. (Str +4, Int/Dex
                  | -1) [potion of mutation]
  9478 | D        | Lost mutation: Your muscles are strong. (Str +4, Int/Dex
                  | -1) [potion of mutation]
  9478 | D        | Gained mutation: You have a somewhat thin skeletal
                  | structure. (Dex +2, Stealth+) [potion of mutation]
  9478 | D        | Gained mutation: Your flesh is cold resistant. (rC+)
                  | [potion of mutation]
  9479 | D        | Lost mutation: Your body sometimes deteriorates upon taking
                  | damage. [potion of mutation]
  9479 | D        | Lost mutation: Your flesh is cold resistant. (rC+) [potion
                  | of mutation]
  9479 | D        | Lost mutation: You have a somewhat thin skeletal structure.
                  | (Dex +2, Stealth+) [potion of mutation]
  9479 | D        | Gained mutation: Your mind is acute. (Int +4, Str/Dex -1)
                  | [potion of mutation]
  9479 | D        | Gained mutation: You are robust. (+10% HP) [potion of
                  | mutation]
  9479 | D        | Gained mutation: You are resistant to electric shocks.
                  | (rElec) [potion of mutation]
  9479 | D        | Gained mutation: You occasionally lose the ability to read
                  | scrolls when taking damage. [potion of mutation]
  9479 | D        | Gained mutation: You are partially covered in iridescent
                  | scales. (AC +2) [potion of mutation]
  9480 | D        | Lost mutation: You are robust. (+10% HP) [potion of
                  | mutation]
  9480 | D        | Lost mutation: You are partially covered in iridescent
                  | scales. (AC +2) [potion of mutation]
  9480 | D        | Lost mutation: Your mind is acute. (Int +4, Str/Dex -1)
                  | [potion of mutation]
  9480 | D        | Lost mutation: You are resistant to electric shocks.
                  | (rElec) [potion of mutation]
  9480 | D        | Lost mutation: You occasionally lose the ability to read
                  | scrolls when taking damage. [potion of mutation]
  9480 | D        | Gained mutation: Your magical capacity is low. (-10% MP)
                  | [potion of mutation]
  9480 | D        | Gained mutation: Your spells are a little easier to cast,
                  | but a little less powerful. [potion of mutation]
  9480 | D        | Gained mutation: Your body sometimes deteriorates upon
                  | taking damage. [potion of mutation]
  9480 | D        | Gained mutation: Your muscles are strong. (Str +4, Int/Dex
                  | -1) [potion of mutation]
  9480 | D        | Gained mutation: Your magical capacity is very low. (-20%
                  | MP) [potion of mutation]
  9480 | D        | Gained mutation: Your mind is acute. (Int +4, Str/Dex -1)
                  | [potion of mutation]
  9481 | D        | Lost mutation: Your magical capacity is very low. (-20% MP)
                  | [potion of mutation]
  9481 | D        | Lost mutation: Your muscles are strong. (Str +4, Int/Dex
                  | -1) [potion of mutation]
  9481 | D        | Lost mutation: Your magical capacity is low. (-10% MP)
                  | [potion of mutation]
  9481 | D        | Lost mutation: Your spells are a little easier to cast, but
                  | a little less powerful. [potion of mutation]
  9481 | D        | Lost mutation: Your mind is acute. (Int +4, Str/Dex -1)
                  | [potion of mutation]
  9481 | D        | Lost mutation: Your body sometimes deteriorates upon taking
                  | damage. [potion of mutation]
  9481 | D        | Gained mutation: Your magical capacity is low. (-10% MP)
                  | [potion of mutation]
  9481 | D        | Gained mutation: Your natural rate of healing is unusually
                  | fast. [potion of mutation]
  9481 | D        | Gained mutation: You have a pair of small antennae on your
                  | head. [potion of mutation]
  9481 | D        | Gained mutation: Your mind is acute. (Int +4, Str/Dex -1)
                  | [potion of mutation]
  9501 | D        | Noticed an Orb Guardian
  9501 | D        | Noticed an Orb Guardian
  9501 | D        | Noticed an Orb Guardian
  9501 | D        | Noticed an Orb Guardian
  9501 | D        | Noticed an Orb Guardian
  9501 | D        | Noticed an Orb Guardian
  9502 | D        | Killed an Orb Guardian
  9503 | D        | Noticed an Orb Guardian
  9503 | D        | Killed an Orb Guardian
  9504 | D        | Noticed an Orb Guardian
  9507 | D        | Killed an Orb Guardian
  9508 | D        | Noticed an Orb Guardian
  9511 | D        | Noticed an Orb Guardian
  9511 | D        | Killed an Orb Guardian
  9513 | D        | Killed an Orb Guardian
  9515 | D        | Noticed an Orb Guardian
  9515 | D        | Killed an Orb Guardian
  9520 | D        | Noticed an Orb Guardian
  9521 | D        | Killed an Orb Guardian
  9522 | D        | Killed an Orb Guardian
  9526 | D        | Killed an Orb Guardian
  9532 | D        | Killed an Orb Guardian
  9539 | D        | Killed an Orb Guardian
  9543 | D        | Killed an Orb Guardian
  9674 | D        | Noticed a lich
  9674 | D        | Noticed an ancient lich
  9674 | D        | Noticed a lich
  9675 | D        | Noticed a lich
  9680 | D        | Killed a lich
  9684 | D        | Noticed a lich
  9686 | D        | Killed an ancient lich
  9692 | D        | Killed a lich
  9693 | D        | Reached skill level 15 in Evocations
  9697 | D        | Killed a lich
  9699 | D        | Killed a lich
  9852 | D        | Reached XP level 19. HP: 221/221 MP: 17/17
  9954 | D        | Got an elven rune of Zot
  9993 | D        | Noticed the Royal Jelly
  9993 | D        | Paralysed by a floating eye for 3 turns
 10000 | D        | Reached skill level 27 in Dodging
 10001 | D        | Paralysed by a floating eye for 2 turns
 10135 | D        | Killed the Royal Jelly
 10213 | D        | Got a slimy rune of Zot
 10587 | D        | Noticed a royal mummy
 10843 | D        | Reached skill level 27 in Evocations
 10851 | D        | Killed a royal mummy
 10852 | D        | Reached skill level 1 in Short Blades
 10852 | D        | Reached skill level 1 in Throwing
 10852 | D        | Reached skill level 1 in Conjurations
 10852 | D        | Reached skill level 1 in Hexes
 10852 | D        | Reached skill level 1 in Translocations
 10852 | D        | Reached skill level 1 in Transmutations
 10852 | D        | Reached skill level 1 in Fire Magic
 10852 | D        | Reached skill level 1 in Ice Magic
 10852 | D        | Reached skill level 1 in Air Magic
 10852 | D        | Reached skill level 1 in Earth Magic
 10852 | D        | Reached skill level 1 in Poison Magic
 10852 | D        | Reached skill level 1 in Invocations
 10914 | D        | Noticed a royal mummy
 10914 | D        | Noticed a royal mummy
 10914 | D        | Noticed a royal mummy
 11011 | D        | Killed a royal mummy
 11097 | D        | Killed a royal mummy
 11098 | D        | Reached skill level 10 in Throwing
 11240 | D        | Killed a royal mummy
 11250 | D        | Noticed a royal mummy
 11254 | D        | Killed a royal mummy
 11263 | D        | Got a golden rune of Zot
 11279 | D        | Bought the +0 mask of the Dragon {Will+ Slay+3 SInv} for
                  | 1369 gold pieces
 11279 | D        | Found the +0 mask of the Dragon {Will+ Slay+3 SInv}
 11293 | D        | Bought a potion of haste for 180 gold pieces
 11293 | D        | Bought a potion of curing for 54 gold pieces
 11293 | D        | Bought a potion of berserk rage for 90 gold pieces
 11293 | D        | Bought 2 potions of heal wounds for 180 gold pieces
 11293 | D        | Bought a potion of curing for 54 gold pieces
 11301 | D        | Bought a book of Annihilations for 600 gold pieces
 11311 | D        | Learned a level 9 spell: Shatter
 11366 | D        | Got an abyssal rune of Zot
 11509 | D        | Noticed Geryon
 11516 | D        | Killed Geryon
 11517 | D        | Reached skill level 5 in Spellcasting
 11517 | D        | Reached skill level 5 in Earth Magic
 11517 | D        | Reached XP level 20. HP: 231/231 MP: 22/24
 11520 | D        | Bought a scroll of blinking for 142 gold pieces
 11520 | D        | Bought a scroll of fog for 76 gold pieces
 11520 | D        | Bought a scroll of fog for 76 gold pieces
 11520 | D        | Bought a scroll of immolation for 76 gold pieces
 11532 | D        | Bought a scroll of fog for 72 gold pieces
 11532 | D        | Bought a scroll of brand weapon for 171 gold pieces
 11542 | D        | Found the +6 sword of Cerebov {flame}
 11542 | D        | Noticed Cerebov
 11542 | D        | Noticed Lom Lobon
 11543 | D        | Found the +4 staff of Dispater
 11543 | D        | Noticed Dispater
 11550 | D        | Killed Cerebov
 11551 | D        | Reached skill level 15 in Throwing
 11643 | D        | Killed Lom Lobon
 11654 | D        | Killed Dispater
 11736 | D        | Noticed Antaeus
 11754 | D        | Killed Antaeus
 11755 | D        | Reached skill level 10 in Earth Magic
 11918 | D        | Noticed Mnoleg
 11925 | D        | Noticed Ereshkigal
 11926 | D        | Killed Mnoleg
 11937 | D        | Killed Ereshkigal
 11981 | D        | Noticed Gloorx Vloq
 11987 | D        | Killed Gloorx Vloq
 11999 | D        | Got a fiery rune of Zot
 12044 | D        | Got a magical rune of Zot
 12048 | D        | Got an iron rune of Zot
 12052 | D        | Got a glowing rune of Zot
 12056 | D        | Got a bone rune of Zot
 12058 | D        | Found the +7 sceptre of Asmodeus
 12058 | D        | Noticed Asmodeus
 12071 | D        | Killed Asmodeus
 12073 | D        | Got an obsidian rune of Zot
 12077 | D        | Got a dark rune of Zot
 12081 | D        | Got an icy rune of Zot
 12491 | D        | Got the Orb of Zot
 12751 | D        | Noticed Feug the pandemonium lord
 12764 | D        | Killed Feug the pandemonium lord
 13601 | D        | Reached skill level 27 in Throwing
 13616 | D        | Reached skill level 10 in Spellcasting
 13616 | D        | Reached skill level 10 in Translocations
 14122 | D        | Noticed a seraph
 14143 | D        | Killed a seraph
 14144 | D        | Reached XP level 21. HP: 89/239 MP: 32/34
 14248 | D        | Noticed Esmel the pandemonium lord
 14279 | D        | Killed Esmel the pandemonium lord
 14285 | D        | Reached skill level 15 in Translocations
 14431 | D        | Noticed Gaonnego the pandemonium lord
 14432 | D        | Noticed an ancient lich
 14433 | D        | Killed Gaonnego the pandemonium lord
 14434 | D        | Reached skill level 15 in Earth Magic
 14437 | D        | Killed an ancient lich
 14565 | D        | Reached skill level 15 in Spellcasting
 14696 | D        | Noticed Erahoaxy the pandemonium lord
 14699 | D        | Killed Erahoaxy the pandemonium lord
 15064 | D        | Upgraded the game from 0.30-a0-365-ge7f957f1db to
                  | 0.30-a0-368-g86fb4627a9
 15245 | D        | Escaped with the Orb!

Illustrated notes

Levels and vault maps discovered:
D:        linesprint [early_d, line_temple, items_1, d_10, items_2, lair_1,
          lair_end, items_3, orc_1, orc_end, items_4, d_15, swamp_1, shoals_1,
          snake_1, spider_1, d_20, vaults_1, items_5, swamp_end, shoals_end,
          snake_end, spider_end, vaults_end, d_27, items_6, zot_1, zot_end,
          crypt_end, forest_end, elf_end, slime_end, tomb_end, abyss_end,
          pan_hell_end]

Skill      XL: |  1  2  3  4  5  6  7  8  9 10 11 12 13 14 15 16 17 18 19 20 21 |
---------------+----------------------------------------------------------------+-----
Fighting       | 3 4 5 7 9 10 11 12 14 17 19 22 24 27 | 27.0
Armour         | 4 5 6 7 9 11 12 13 14 15 17 19 21 23 25 27 | 27.0
Maces & Flails | 2 3 5 7 9 10 12 15 17 19 21 22 24 27 | 27.0
Shields        | 4 5 6 8 9 10 11 12 13 15 17 22 25 27 | 27.0
Evocations     | 1 2 3 4 5 6 7 9 15 27 | 27.0
Dodging        | 1 4 5 7 8 10 14 25 27 | 27.0
Stealth        | 4 6 7 9 12 27 | 27.0
Unarmed Combat | 1 2 |  2.7
Short Blades   | 1 |  1.0
Throwing       | 14 27 | 27.0
Conjurations   | 1 |  1.0
Hexes          | 1 |  1.0
Translocations | 1 14 18 | 18.7
Transmutations | 1 |  1.0
Fire Magic     | 1 |  1.0
Ice Magic      | 1 |  1.0
Air Magic      | 1 |  1.0
Earth Magic    | 5 14 18 | 18.0
Poison Magic   | 1 |  1.0
Invocations    | 1 |  1.1
Spellcasting   | 5 13 16 | 16.8
Long Blades    | |  0.8
Axes           | |  0.8
Polearms       | |  0.7
Staves         | |  0.8
Ranged Weapons | |  0.6
Summonings     | |  0.9
Necromancy     | |  0.9

Action                   |  1- 3 |  4- 6 |  7- 9 | 10-12 | 13-15 | 16-18 | 19-21 || total
-------------------------+-------+-------+-------+-------+-------+-------+-------++-------
Melee: Flail             |    19 |     8 |       |       |       |       |       ||    27
       Tailslap          |     2 |       |     3 |    78 |   137 |   144 |   119 ||   483
       Morningstar       |       |       |    11 |   308 |     4 |   143 |   547 ||  1013
       Unarmed           |       |       |       |     7 |       |       |       ||     7
       Demon whip        |       |       |       |   127 |   768 |   571 |    17 ||  1483
Throw: Javelin           |       |       |       |       |       |       |     5 ||     5
Invok: Potion Petition   |       |       |       |     1 |     3 |       |     1 ||     5
       Call Merchant     |       |       |       |       |     5 |     4 |     7 ||    16
Evoke: Wand              |       |     4 |     4 |     1 |     5 |       |     3 ||    17
       Box of beasts     |       |       |       |       |       |     1 |       ||     1
       Lightning rod     |       |       |       |       |       |       |     2 ||     2
  Use: Potion            |     1 |       |       |     3 |    11 |     8 |    15 ||    38
       Scroll            |       |       |       |     1 |     6 |     9 |     6 ||    22
 Stab: Distracted        |       |       |       |     2 |     6 |    30 |    21 ||    59
       Sleeping          |       |       |       |       |       |     8 |    12 ||    20
Armor: Scale mail        |     3 |     4 |     6 |    57 |       |       |       ||    70
       Chain mail        |       |       |       |    37 |   286 |    45 |       ||   368
       Plate armour      |       |       |       |       |       |    72 |    69 ||   141
Dodge: Dodged            |     3 |     2 |       |    57 |    94 |    67 |    88 ||   311
Block: Buckler           |     1 |     3 |     2 |    53 |    66 |       |       ||   125
       Kite shield       |       |       |       |       |   167 |   211 |   323 ||   701
       Reflection        |       |       |       |       |       |       |     6 ||     6

Table legend: (Time is in decaauts) A = Elapsed time spent in this place. B = Non-inter-level travel time spent in this place. C = Inter-level travel time spent in this place. D = Time resting spent in this place. E = Time spent auto-exploring this place. F = Levels seen in this place. G = Mean time per level. A B C D E F G +--------+--------+--------+--------+--------+-----+--------+ Total | 14190 | 13901 | 289 | 4036 | 2046 | 1 | 14190.0 | Dungeon | 14190 | 13901 | 289 | 4036 | 2046 | 1 | 14190.0 | +--------+--------+--------+--------+--------+-----+--------+

Top non-repeatable levels by time:
       D: 14190 daAuts
